 Dungeon Crawl Stone Soup version 0.25-a0-528-g6b7c99946c (webtiles) character file.

Game seed: 1293458730887656462, levelgen mode: deterministic

10963 kae the Martial Artist (level 11, 0/82 HPs)
             Began as a Black Draconian Transmuter on Feb 19, 2020.
             Was a Priest of Wu Jian.
             Slain by a vampire (4 damage)
             ... on level 11 of the Dungeon.
             The game lasted 00:13:43 (10179 turns).

kae the Martial Artist (DrTm)                      Turns: 10179, Time: 00:13:43

Health: 0/82       AC:  7    Str: 12    XL:     11   Next: 43%
Magic:  25/25      EV: 12    Int: 14    God:    Wu Jian [***...]
Gold:   282        SH:  0    Dex: 15    Spells: 19/30 levels left

rFire    . . .     SeeInvis .     - Unarmed
rCold    . . .     Gourm    .   (no shield)
rNeg     . . .     Faith    .   (armour unavailable)
rPois    +         Spirit   .   (helmet restricted)
rElec    +         Reflect  .   D - scarf {cloud immunity}
rCorr    .         Harm     .   (no gloves)
MR       .....                  (no boots)
Stlth    +.........             e - amulet of regeneration
HPRegen  0.63/turn              p - ring of poison resistance
MPRegen  0.19/turn              n - ring of wizardry

@: confused, barbed spikes
A: breathe lightning, unfitting armour, electricity resistance, cold-blooded, AC
+7
a: Breathe Lightning, Wall Jump, Serpent's Lash, Renounce Religion


You were on level 11 of the Dungeon.
You worshipped Wu Jian.
Wu Jian was most pleased with you.
You were not hungry.

You visited 1 branch of the dungeon, and saw 10 of its levels.

You collected 482 gold pieces.
You spent 200 gold pieces at shops.

Inventory:

Missiles
 a - 134 arrows
Armour
 D - a scarf of cloud immunity (worn)
Jewellery
 b - an uncursed amulet of rage
 e - an amulet of regeneration (around neck)
 g - a +3 amulet of reflection
 n - a ring of wizardry (right hand)
 p - a ring of poison resistance (left hand)
 w - an uncursed ring of magical power {unknown}
 x - an uncursed ring of see invisible {unknown}
 B - a +3 ring of intelligence {unknown}
Wands
 k - a wand of polymorph (8)
 y - a wand of enslavement (7)
 E - a wand of scattershot (1)
Scrolls
 i - 9 scrolls of teleportation
 m - a scroll of enchant weapon
 q - 2 scrolls of magic mapping
 r - a scroll of remove curse
 s - a scroll of blinking
 u - a scroll of enchant armour
 z - a scroll of noise
 A - a scroll of fear
 G - a scroll of identify
Potions
 d - a potion of resistance
 f - a potion of invisibility
 h - a potion of might
 j - 4 potions of curing
 l - a potion of brilliance
 o - 4 potions of stabbing {unknown}
 t - a potion of mutation {unknown}
 v - 2 potions of cancellation {unknown}
 C - 3 potions of heal wounds {unknown}
Comestibles
 c - 18 rations
 F - 5 chunks of flesh


   Skills:
 + Level 3.2 Fighting
 + Level 2.0 Dodging
 * Level 12.3 Unarmed Combat
 + Level 10.0 Spellcasting
 + Level 8.0 Transmutations


You had 19 spell levels left.
You knew the following spells:

 Your Spells              Type           Power        Failure   Level  Hunger
a - Beastly Appendage     Tmut           ####..       1%          1    None
b - Sticks to Snakes      Tmut           ####....     1%          2    None
c - Spider Form           Tmut/Pois      ###.......   2%          3    #......
d - Blade Hands           Tmut           ####......   4%          5    #####..

Your spell library contained the following spells:

 Spells                   Type           Power        Failure   Level  Hunger
 Ice Form                 Ice/Tmut       ###.....     9%          4    ###....


Dungeon Overview and Level Annotations

Branches:
Dungeon (9/15)             Temple (0/1) D:7            Lair (0/6) D:9
    Orc (0/2) D:9

Altars:
Dithmenos
Fedhas
Makhleb
Nemelex Xobeh
Qazlal
Ru
Wu Jian
Xom
Yredelemnul
Zin
The Shining One

Shops:
D:9 (%([%([

Annotations:
D:5 2 transporters, Esekla's ghost, novice DEWz


Innate Abilities, Weirdness & Mutations

You can breathe wild blasts of lightning.
Your glossy black scales are hard. (AC +7)
You cannot fit into any form of body armour.
You are resistant to electric shocks. (rElec)
You are cold-blooded and may be slowed by cold attacks.


Message History

Something hits you! Something bites you!
Something draws strength from your injuries!
The barbed spikes dig painfully into your body as you move.
There is an open door here.
You punch the manticore! You tail-slap the manticore. You punch the manticore.
The manticore is moderately wounded.
The manticore bites you!
* * * LOW HITPOINT WARNING * * *
The manticore claws you!
* * * LOW HITPOINT WARNING * * *
The manticore claws you but does no damage.
Something hits you but does no damage. Something bites you.
* * * LOW HITPOINT WARNING * * *
Something draws strength from your injuries!
You bump into the rock wall.
The manticore bites you.
* * * LOW HITPOINT WARNING * * *
The manticore closely misses you. The manticore claws you.
* * * LOW HITPOINT WARNING * * *
Something hits you.
You die...

+...........##........
#........#..######.#..
#........#..######.#..
#........#..##........
#....≈.......#.###...≈
#.......)....#.##..≈≈≈
#.................≈≈≈≈
#....{...#.)#....≈≈≈≈≈
#####@####..#....≈≈≈≈≈
#H# #..#....≈≈≈≈≈ ...
.........≈≈≈≈
##.####......#.≈≈≈≈
#.# #.#........≈≈ #.#
#.#.######.. #.. ###


You could see a manticore.

Vanquished Creatures
  A hydra (D:11)
  A two-headed ogre (D:8)
  Erica (D:8)
  Pikel (D:8)
  A cyclops (D:9)
  An ugly thing (D:11)
  A centaur zombie (D:8)
  Joseph (D:8)
  Maggie (D:8)
  A troll (D:11)
  Sigmund (D:5)
  A spriggan (D:7)
  3 yaks (D:11)
  Grum (D:8)
  A hungry ghost (D:9)
  2 water moccasins
  A soldier ant (D:8)
  6 orc warriors
  4 sky beasts
  4 ice beasts
  2 slaves (D:8)
  4 phantoms
  A black bear (D:6)
  5 ogres
  3 centaurs
  3 wolves (D:8)
  A big kobold (D:6)
  6 bullfrogs
  A wyvern zombie (D:8)
  5 killer bees (D:8)
  8 howler monkeys
  A wight (D:11)
  5 crimson imps
  A bullfrog zombie (D:9)
  A bullfrog skeleton (D:9)
  A centaur skeleton (D:9)
  5 orc priests
  5 hounds
  6 orc wizards
  Terence (D:2)
  6 iguanas
  Natasha (thrice) (D:3)
  8 worker ants
  A killer bee zombie (D:5)
  A hound skeleton (D:4)
  10 gnolls
  11 adders
  A shadow imp (D:6)
  An ooze (D:3)
  3 adder zombies
  An adder skeleton (D:8)
  5 worms (D:2)
  A dart slug (D:4)
  3 leopard geckos
  25 orcs
  4 ball pythons
  14 giant cockroaches
  9 goblins
  7 hobgoblins
  6 jackals
  4 quokkas
  9 bats
  3 frilled lizards (D:2)
  A jackal zombie (D:5)
  12 kobolds
  6 rats
254 creatures vanquished.

Vanquished Creatures (others)
  A slave (D:8)
  An adder (D:8)
2 creatures vanquished.

Grand Total: 256 creatures vanquished

Notes
Turn   | Place    | Note
-------+----------+-------------------------------------------
     0 | D:1      | kae the Draconian Transmuter began the quest for the Orb.
     0 | D:1      | Reached XP level 1. HP: 16/16 MP: 3/3
   445 | D:1      | Reached XP level 2. HP: 23/23 MP: 3/5
   988 | D:2      | Found a shadowy altar of Dithmenos.
   999 | D:2      | Found a sparkling altar of Nemelex Xobeh.
  1243 | D:2      | Noticed Terence
  1251 | D:2      | Killed Terence
  1251 | D:2      | Reached XP level 3. HP: 29/29 MP: 6/6
  1256 | D:2      | Learned a level 2 spell: Sticks to Snakes
  1260 | D:2      | Learned a level 3 spell: Spider Form
  1380 | D:2      | Reached XP level 4. HP: 30/36 MP: 7/7
  1553 | D:2      | Reached skill level 4 in Unarmed Combat
  1857 | D:2      | Found a basalt altar of Yredelemnul.
  2079 | D:2      | Found a glowing golden altar of the Shining One.
  2345 | D:3      | Reached XP level 5. HP: 18/42 MP: 9/9
  2607 | D:3      | Noticed an ogre
  2617 | D:3      | Killed an ogre
  2864 | D:3      | Reached XP level 6. HP: 48/51 MP: 8/10
  3095 | D:3      | Found a glowing silver altar of Zin.
  3095 | D:3      | Noticed Natasha
  3102 | D:3      | Reached skill level 5 in Unarmed Combat
  3145 | D:3      | Killed Natasha
  3310 | D:3      | Found a shadowy altar of Dithmenos.
  3396 | D:3      | Noticed Natasha
  3411 | D:3      | Killed Natasha
  3419 | D:3      | Noticed Natasha
  3433 | D:3      | Killed Natasha
  3938 | D:4      | Your scales start taking on a glossy black colour.
  3938 | D:4      | Reached XP level 7. HP: 45/57 MP: 6/11
  3938 | D:4      | Gained mutation: You are resistant to electric shocks.
                  | (rElec) [Black Draconian growth]
  3953 | D:4      | Reached skill level 6 in Unarmed Combat
  4683 | D:4      | Found a burning altar of Makhleb.
  4684 | D:4      | Noticed a balrug
  4763 | D:5      | Entered Level 5 of the Dungeon
  4936 | D:5      | Noticed Sigmund
  4950 | D:5      | Killed Sigmund
  4950 | D:5      | Reached skill level 7 in Unarmed Combat
  4950 | D:5      | Reached skill level 5 in Transmutations
  4985 | D:5      | Noticed Esekla's ghost (novice DEWz)
  4986 | D:5      | Found the +3 robe of Folly {Archmagi, MR-- Int+5}
  4986 | D:5      | Found a transporter.
  4988 | D:5      | Found a transporter.
  5004 | D:5      | Found a stormy altar of Qazlal.
  5042 | D:5      | Reached XP level 8. HP: 33/63 MP: 12/12
  5496 | D:6      | Found a blossoming altar of Fedhas.
  5517 | D:6      | Reached skill level 8 in Unarmed Combat
  5798 | D:6      | Found an ornate altar of the Wu Jian Council.
  5815 | D:6      | Became a worshipper of the Wu Jian Council
  5976 | D:6      | Reached skill level 9 in Unarmed Combat
  6298 | D:6      | Reached XP level 9. HP: 46/69 MP: 9/13
  6636 | D:6      | Reached skill level 10 in Unarmed Combat
  6820 | D:7      | Learned a level 5 spell: Blade Hands
  6898 | D:7      | Found a staircase to the Ecumenical Temple.
  6946 | D:7      | Reached * piety under Wu Jian
  7001 | D:7      | Found a shimmering altar of Xom.
  7002 | D:7      | Found a shimmering altar of Xom.
  7003 | D:7      | Found a shimmering altar of Xom.
  7003 | D:7      | Found a shimmering altar of Xom.
  7293 | D:7      | Reached skill level 11 in Unarmed Combat
  7616 | D:8      | Noticed Erica
  7641 | D:8      | Killed Erica
  7641 | D:8      | Reached XP level 10. HP: 38/77 MP: 10/14
  7642 | D:8      | Noticed Pikel
  7734 | D:8      | Killed Pikel
  7734 | D:8      | Reached skill level 12 in Unarmed Combat
  7822 | D:8      | Noticed Grum
  7834 | D:8      | Killed Grum
  7849 | D:8      | Reached skill level 5 in Spellcasting
  7871 | D:8      | Noticed Maggie
  7959 | D:8      | Killed Maggie
  8017 | D:8      | Noticed a two-headed ogre
  8036 | D:8      | Killed a two-headed ogre
  8228 | D:8      | Reached ** piety under Wu Jian
  8466 | D:8      | Noticed Joseph
  8487 | D:8      | Killed Joseph
  8610 | D:8      | Found a sacrificial altar of Ru.
  8853 | D:9      | Found Nileuw's Food Boutique.
  8947 | D:8      | Reached XP level 11. HP: 63/82 MP: 23/23
  9341 | D:9      | Reached *** piety under Wu Jian
  9365 | D:9      | Found Emoew's Armour Shop.
  9365 | D:9      | Found a staircase to the Orcish Mines.
  9372 | D:9      | Found Jyhied's Weapon Shop.
  9418 | D:9      | Found Liecroowk's Food Shop.
  9469 | D:9      | Found a staircase to the Lair.
  9525 | D:9      | Found Siystreu's Antique Weapon Shoppe.
  9599 | D:9      | Found Zed Geuc's Weapon Shop.
  9625 | D:9      | Found Fuahash's Antique Armour Boutique.
  9632 | D:9      | Bought a glowing scarf for 200 gold pieces
  9677 | D:9      | You fall into a shaft and drop 2 floors!
  9677 | D:11     | Noticed a red ugly thing
  9688 | D:11     | Killed a red ugly thing
  9788 | D:11     | Noticed a five-headed hydra
  9795 | D:11     | Killed a five-headed hydra
  9839 | D:11     | Reached skill level 10 in Spellcasting
 10119 | D:11     | Found a glowing golden altar of the Shining One.
 10179 | D:11     | HP: 4/82 [manticore (5)]
 10179 | D:11     | Slain by a vampire

Levels and vault maps discovered:
D:1:      psy_arrival_radial02, layout_loops_ring
D:2:      layout_basic, yredelemnul_altar_generic,
          nemelex_xobeh_ov_fountains_minmay, tso_altar,
          grunt_dithmenos_smoke_and_mirrors, uniq_terence
D:3:      layout_rooms, overflow_temple_1_default, marbit_many_paths,
          first_ration, roderic_batcave, uniq_natasha
D:4:      layout_basic, makhleb_altar_promises_db
D:5:      layout_loops_ring, grunt_qazlal_clouds, gammafunk_ghost_smash,
          uniq_sigmund
D:6:      minmay_diamond_boxcup, layout_loops_ring, old_standard_altar,
          st_stairs_9, fedhas_altar_fruit_tree
D:7:      layout_cave_pools, temple_fountains,
          hangedman_abyss_or_decor_lesser_grid, minmay_door_square, the_bakery,
          xom_shifter_show
D:8:      layout_loops_ring, lemuel_doored_altar, lightli_minifort, uniq_joseph,
          uniq_grum, uniq_maggie, uniq_erica, uniq_pikel
D:9:      layout_rooms, dpeg_oklobed_lair, orc_david_3, serial_shops, shop,
          shop, kennysheep_little_box, shop, shop_statue
D:11:     layout_basic, nicolae_trove_entry_path_of_doom,
          kennysheep_flooded_box, lemuel_altar_in_water

Skill      XL: |  1  2  3  4  5  6  7  8  9 10 11 |
---------------+----------------------------------+-----
Fighting       | 2 3 |  3.2
Unarmed Combat | 4 5 7 9 11 12 | 12.3
Transmutations | 3 4 5 6 8 |  8.0
Spellcasting   | 3 8 10 | 10.0
Dodging        | 2 |  2.0

Action                   |  1- 3 |  4- 6 |  7- 9 | 10-12 || total
-------------------------+-------+-------+-------+-------++-------
Melee: Unarmed           |    83 |   211 |   377 |   273 ||   944
       Tailslap          |     5 |    15 |    32 |    31 ||    83
       Headbutt          |     2 |     7 |       |       ||     9
       Punch             |     3 |     5 |    10 |    10 ||    28
       Kick              |       |    17 |       |       ||    17
 Cast: Beastly Appendage |     7 |    19 |     2 |     1 ||    29
       Spider Form       |       |     8 |    13 |       ||    21
       Blade Hands       |       |       |     3 |    13 ||    16
Invok: Lunge             |       |       |    17 |    17 ||    34
       Whirlwind         |       |       |       |     5 ||     5
 Abil: Breathe Lightning |       |       |    11 |     6 ||    17
Evoke: Wand              |       |       |       |     3 ||     3
  Use: Scroll            |     5 |     4 |     4 |     3 ||    16
       Potion            |     3 |       |     2 |       ||     5
 Stab: Sleeping          |     1 |       |     1 |     1 ||     3
  Eat: Chunk             |     1 |     9 |    13 |    13 ||    36
       Ration            |       |       |     1 |     1 ||     2
Armor: Skin              |    10 |    47 |    81 |    69 ||   207
Dodge: Dodged            |    36 |   112 |   215 |   157 ||   520
Block: Other             |     2 |    19 |     3 |       ||    24

Table legend:
 A = Non-vault XP
 B = Vault XP
 C = Vault XP percentage of total XP
 D = Non-vault monster count
 E = Vault monster count
 F = Vault count percentage of total count
                 A         B        C        D         E       F
            +---------+---------+-------+---------+---------+-------
      Total |   11388 |    4274 |  27.3 |     217 |      35 |  13.9
            +---------+---------+-------+---------+---------+-------
        D:1 |      20 |       0 |   0.0 |      13 |       0 |   0.0
        D:2 |     126 |      36 |  22.2 |      29 |       1 |   3.3
        D:3 |     315 |      46 |  12.7 |      31 |       8 |  20.5
        D:4 |     374 |       0 |   0.0 |      11 |       0 |   0.0
        D:5 |     310 |     382 |  55.2 |      15 |       3 |  16.7
        D:6 |    1363 |     406 |  23.0 |      40 |       7 |  14.9
        D:7 |    1040 |     220 |  17.5 |      14 |       1 |   6.7
        D:8 |    3608 |    3051 |  45.8 |      40 |      14 |  25.9
        D:9 |    1311 |     133 |   9.2 |      13 |       1 |   7.1
       D:11 |    2921 |       0 |   0.0 |      11 |       0 |   0.0
            +---------+---------+-------+---------+---------+-------
